 Dungeon Crawl Stone Soup version 0.21.1-1-g345015fe64 (webtiles) character file.

2734 Indrah222 the Summoner (level 9, -9/66 HPs)
             Began as a Gnoll Summoner on July 10, 2018.
             Was a Believer of Ru.
             Splashed by a centaur's acid (10 damage)
             ... on level 7 of the Dungeon.
             The game lasted 01:05:29 (7316 turns).

Indrah222 the Summoner (Gnoll Summoner)             Turns: 7316, Time: 01:05:42

Health: -9/66      AC:  4    Str: 10    XL:     9   Next: 67%
Magic:  8/19       EV: 15    Int: 22    God:    Ru [**....]
Gold:   191        SH:  0    Dex: 13    Spells: 8/21 levels left

rFire    . . .     SeeInvis .   k - +8 arbalest (freeze)
rCold    . . .     Gourm    .   (shield currently unavailable)
rNeg     . . .     Faith    .   B - +2 leather armour {MR+}
rPois    .         Spirit   .   (no helmet)
rElec    .         Reflect  .   (no cloak)
rCorr    .         Harm     .   g - +2 pair of gloves
MR       +....                  (no boots)
Stlth    +++.......             (no amulet)
HPRegen  0.21/turn              e - ring of flight
MPRegen  0.16/turn              (no ring)

@: corroded, very slightly contaminated
A: distributed training, fangs 1, clumsy 1, inability to train armour, strong
nose
a: Renounce Religion, Evoke Flight


You were on level 7 of the Dungeon.
You worshipped Ru.
Ru was pleased with you.
You were very hungry.

You visited 2 branches of the dungeon, and saw 8 of its levels.

You collected 368 gold pieces.
You spent 177 gold pieces at shops.

Inventory:

Hand Weapons
 a - a +0 dagger of venom
 f - a +2 short sword of flaming
 k - a +8 arbalest of freezing (weapon)
 q - the +8 spear of Summer {pierce, *Noise rPois MR++ Dex+3}
   (You found it on level 4 of the Dungeon)

   It inflicts extra damage upon your enemies.
   It affects your dexterity (+3).
   It protects you from poison.
   It affects your resistance to hostile enchantments.
   It may make noises in combat.
 v - a +6 flail of draining
Missiles
 h - 2 throwing nets
 j - 63 bolts (quivered)
Armour
 g - a +2 pair of gloves (worn)
 B - a +2 leather armour of magic resistance (worn)
Magical Staves
 l - an uncursed staff of fire
Jewellery
 e - a ring of flight (left hand)
Wands
 i - a wand of disintegration (17)
 m - a wand of polymorph (10)
 w - a wand of iceblast (17)
Scrolls
 r - 2 scrolls of remove curse
 s - a scroll of teleportation
 y - 2 scrolls of fog {unknown}
 C - a scroll of silence {unknown}
Potions
 d - 3 potions of flight
 n - a potion of resistance {unknown}
 o - 3 potions of curing
 t - a potion of agility {unknown}
 u - 2 potions of brilliance {unknown}
 x - a potion of ambrosia {unknown}
 z - 2 potions of might {unknown}
 A - a potion of invisibility
Books
 b - a book of Callings

   Spells                             Type                      Level
   a - Summon Small Mammal            Summoning                    1
   b - Call Imp                       Summoning                    2
   c - Call Canine Familiar           Summoning                    3
   d - Summon Guardian Golem          Hexes/Summoning              3
   e - Summon Lightning Spire         Summoning/Air                4
   f - Summon Ice Beast               Ice/Summoning                4
Comestibles
 c - 14 rations


   Skills:
 + Level 4.4 Fighting
 + Level 4.4 Short Blades
 + Level 4.4 Long Blades
 + Level 4.4 Axes
 + Level 4.4 Maces & Flails
 + Level 4.4 Polearms
 + Level 4.4 Staves
 + Level 4.4 Slings
 + Level 4.4 Bows
 + Level 4.4 Crossbows
 + Level 4.4 Throwing
   Level 0.0 Armour
 + Level 6.4 Dodging
 + Level 6.1 Stealth
 + Level 4.4 Shields
 + Level 4.4 Unarmed Combat
 + Level 6.7 Spellcasting
 + Level 3.6 Conjurations
 + Level 3.6 Hexes
 + Level 3.6 Charms
 + Level 8.0 Summonings
 + Level 3.6 Necromancy
 + Level 3.6 Translocations
 + Level 3.6 Transmutations
 + Level 3.6 Fire Magic
 + Level 3.6 Ice Magic
 + Level 3.6 Air Magic
 + Level 3.6 Earth Magic
 + Level 3.6 Poison Magic
 + Level 4.8 Invocations
 + Level 4.4 Evocations


You had 8 spell levels left.
You knew the following spells:

 Your Spells              Type           Power        Failure   Level  Hunger
a - Summon Small Mammal   Summ           ####         1%          1    None
b - Call Imp              Summ           #####...     1%          2    None
c - Call Canine Familiar  Summ           #####...     1%          3    #......
d - Summon Guardian Gole  Hex/Summ       ####....     3%          3    #......
e - Summon Lightning Spi  Summ/Air       ####....     11%         4    ###....


Dungeon Overview and Level Annotations

Branches:
Dungeon (7/15)             Temple (1/1) D:4

Altars:
Ashenzari
Cheibriados
Elyvilon
Fedhas
Hepliaklqana
Kikubaaqudgha
Makhleb
Nemelex Xobeh
Okawaru
Qazlal
Ru
Sif Muna
Trog
Uskayaw
Vehumet
Wu Jian
Xom
Yredelemnul
Zin
The Shining One

Shops:
D:4 *(


Innate Abilities, Weirdness & Mutations

Your experience applies equally to all skills.
You have very sharp teeth.
You are clumsy. (Dex -2)
You cannot train Armour skill.
Your uncanny sense of smell can sniff out nearby items.


Message History

Press: ? - help, Shift-Dir - straight line, f - centaur
Aim: a centaur, carrying a wand of acid (5)
Okay, then.
Casting: Call Imp
Confirm with . or Enter, or press ? or * to list all spells.
Aiming: Summon Lightning Spire
Press: ? - help, Dir - move target cursor An electric hum fills the air.
The centaur zaps a wand.
The bolt of acid hits your lightning spire.
Your lightning spire is splashed with acid.
The bolt of acid hits you! The acid corrodes you!
You are splashed with acid!
The acid burns!
The centaur zaps a wand.
The bolt of acid misses your wolf.
The bolt of acid hits your lightning spire.
Your lightning spire is splashed with acid.
The acid corrodes your lightning spire!
Your lightning spire is destroyed!
The bolt of acid hits you!
* * * LOW HITPOINT WARNING * * *
You are splashed with acid!
The acid burns!
You die...

## #### ..#g.
#5.#.hc'..
###.@')g)'.o
###...########
##....##
#...### #..##
∆ ####.##
##.....#
##...#.##
#..#####


You could see a centaur, a gnoll shaman, an orc wizard, a gnoll, a friendly wolf
and a friendly crimson imp.

Vanquished Creatures
  Eustachio (D:6)
  Menkaure (D:5)
  A black bear (D:4)
  2 phantoms
  A necrophage (D:5)
  2 ogres
  A bullfrog (D:7)
  A wyvern zombie (D:7)
  A scorpion (D:7)
  A howler monkey (D:4)
  2 crimson imps
  A bullfrog zombie (D:7)
  2 hounds
  4 orc priests
  2 bullfrog skeletons
  An iguana (D:6)
  7 orc wizards
  Natasha (D:3)
  2 worker ants
  A hound zombie (D:6)
  A gnoll (D:7)
  2 adders
  An ooze (D:4)
  An adder zombie (D:6)
  A worm (D:5)
  A dart slug (D:1)
  2 leopard geckos
  14 orcs
  A ball python (D:4)
  6 giant cockroaches
  4 goblins
  2 hobgoblins
  4 jackals
  5 kobolds
  A quokka (D:5)
  6 bats
  2 frilled lizards
  2 goblin zombies (D:5)
  A hobgoblin zombie (D:5)
  2 kobold skeletons (D:5)
  A leopard gecko zombie (D:7)
  3 orc skeletons (D:5)
  6 rats
104 creatures vanquished.

Vanquished Creatures (collateral kills)
  A two-headed ogre (D:6)
  Joseph (D:7)
  Edmund (D:4)
  A necrophage (D:5)
  A centaur (D:7)
  A scorpion (D:4)
  A crimson imp (D:5)
  A jelly (D:6)
  3 orc priests
  5 orc wizards
  A worker ant (D:5)
  A hound skeleton (D:4)
  3 adders
  A gnoll (D:7)
  2 adder skeletons (D:4)
  3 worms
  2 dart slugs (D:1)
  4 leopard geckos
  14 orcs
  3 giant cockroaches
  6 goblins
  3 hobgoblins
  5 jackals
  2 kobolds (D:1)
  2 quokkas
  2 bats
  4 frilled lizards
  A goblin zombie (D:5)
  5 rats
  A plant (D:4)
81 creatures vanquished.

Vanquished Creatures (others)
  4 fungi (D:7)
  3 plants (D:7)
7 creatures vanquished.

Grand Total: 192 creatures vanquished

Notes
Turn   | Place    | Note
-------+----------+-------------------------------------------
     0 | D:1      | Indrah222 the Gnoll Summoner began the quest for the Orb.
     0 | D:1      | Reached XP level 1. HP: 13/13 MP: 6/6
   453 | D:1      | Reached XP level 2. HP: 17/19 MP: 4/7
   457 | D:1      | Learned a level 2 spell: Call Imp
  1216 | D:2      | Reached XP level 3. HP: 25/25 MP: 9/9
  1235 | D:2      | Learned a level 3 spell: Call Canine Familiar
  1239 | D:2      | Learned a level 3 spell: Summon Guardian Golem
  1256 | D:2      | Reached skill level 5 in Spellcasting
  1778 | D:2      | Reached skill level 1 in Invocations
  2317 | D:3      | Reached skill level 1 in Fighting
  2317 | D:3      | Reached skill level 1 in Short Blades
  2317 | D:3      | Reached skill level 1 in Long Blades
  2317 | D:3      | Reached skill level 1 in Axes
  2317 | D:3      | Reached skill level 1 in Maces & Flails
  2317 | D:3      | Reached skill level 1 in Polearms
  2317 | D:3      | Reached skill level 1 in Staves
  2317 | D:3      | Reached skill level 1 in Slings
  2317 | D:3      | Reached skill level 1 in Bows
  2317 | D:3      | Reached skill level 1 in Crossbows
  2317 | D:3      | Reached skill level 1 in Throwing
  2317 | D:3      | Reached skill level 1 in Armour
  2317 | D:3      | Reached skill level 1 in Shields
  2317 | D:3      | Reached skill level 1 in Unarmed Combat
  2317 | D:3      | Reached skill level 1 in Evocations
  2420 | D:3      | Reached XP level 4. HP: 30/32 MP: 11/11
  2426 | D:3      | Learned a level 4 spell: Summon Lightning Spire
  2554 | D:4      | Got a bloodstained spear
  2571 | D:3      | Found an ornate altar of the Wu Jian Council.
  2702 | D:3      | Reached skill level 1 in Conjurations
  2702 | D:3      | Reached skill level 1 in Hexes
  2702 | D:3      | Reached skill level 1 in Charms
  2702 | D:3      | Reached skill level 1 in Necromancy
  2702 | D:3      | Reached skill level 1 in Translocations
  2702 | D:3      | Reached skill level 1 in Transmutations
  2702 | D:3      | Reached skill level 1 in Fire Magic
  2702 | D:3      | Reached skill level 1 in Ice Magic
  2702 | D:3      | Reached skill level 1 in Air Magic
  2702 | D:3      | Reached skill level 1 in Earth Magic
  2702 | D:3      | Reached skill level 1 in Poison Magic
  3025 | D:3      | Identified the +8 spear of Summer {pierce, *Noise rPois MR++ Dex+3} (You found it on level 4 of the Dungeon)
  3091 | D:3      | Reached XP level 5. HP: 31/37 MP: 4/12
  3295 | D:3      | Noticed Natasha
  3301 | D:3      | Killed Natasha
  3575 | D:4      | Found Qepsies's Antique Weapon Boutique.
  3628 | D:4      | Noticed an ogre
  3631 | D:4      | Reached XP level 6. HP: 26/44 MP: 4/13
  3644 | D:4      | Reached skill level 5 in Dodging
  3946 | D:4      | Bought a glowing arbalest for 135 gold pieces
  4037 | D:4      | Found a staircase to the Ecumenical Temple.
  4066 | Temple   | Entered the Ecumenical Temple
  4172 | Temple   | Became a worshipper of Ru the Awakened
  4273 | D:4      | Noticed Edmund
  4288 | D:4      | Killed Edmund
  4288 | D:4      | Reached XP level 7. HP: 49/50 MP: 5/15
  4419 | D:4      | Found Nedatael's Assorted Antiques.
  4476 | D:4      | Bought a scroll of identify for 42 gold pieces
  4810 | D:4      | Reached skill level 5 in Stealth
  4877 | D:5      | Entered Level 5 of the Dungeon
  5057 | D:5      | Noticed Menkaure
  5066 | D:5      | Found a glowing golden altar of the Shining One.
  5068 | D:5      | Killed Menkaure
  5068 | D:5      | Reached XP level 8. HP: 57/57 MP: 9/16
  5130 | D:5      | Found an iron altar of Okawaru.
  5234 | D:5      | Gained mutation: You are clumsy. (Dex -2) [Ru sacrifice]
  5673 | D:6      | Noticed Eustachio
  5689 | D:6      | Killed Eustachio
  5795 | D:6      | Noticed a two-headed ogre
  5800 | D:6      | Killed a two-headed ogre
  5800 | D:6      | Reached XP level 9. HP: 65/65 MP: 13/18
  5871 | D:6      | Found a white marble altar of Elyvilon.
  6266 | D:7      | Found a white marble altar of Elyvilon.
  6674 | D:7      | Noticed Joseph
  6695 | D:7      | Reached skill level 8 in Summonings
  6726 | D:7      | Killed Joseph
  6966 | D:7      | Found a deep blue altar of Sif Muna.
  7019 | D:7      | Gained mutation: You cannot train Armour skill. [Ru sacrifice]
  7019 | D:7      | Reached * piety under Ru
  7019 | D:7      | Reached ** piety under Ru
  7316 | D:7      | HP: 1/66 [centaur/wand of acid (4) (19)]
  7316 | D:7      | Splashed by a centaur's acid

Skill      XL: |  1  2  3  4  5  6  7  8  9 |
---------------+----------------------------+-----
Spellcasting   | 5 6 |  6.7
Invocations    | 1 2 3 4 |  4.8
Fighting       | 1 2 3 4 |  4.4
Short Blades   | 1 2 3 4 |  4.4
Long Blades    | 1 2 3 4 |  4.4
Axes           | 1 2 3 4 |  4.4
Maces & Flails | 1 2 3 4 |  4.4
Polearms       | 1 2 3 4 |  4.4
Staves         | 1 2 3 4 |  4.4
Slings         | 1 2 3 4 |  4.4
Bows           | 1 2 3 4 |  4.4
Crossbows      | 1 2 3 4 |  4.4
Throwing       | 1 2 3 4 |  4.4
Armour         | 1 2 3 0 |  0.0
Shields        | 1 2 3 4 |  4.4
Unarmed Combat | 1 2 3 4 |  4.4
Evocations     | 1 2 3 4 |  4.4
Conjurations   | 1 2 3 |  3.6
Hexes          | 1 2 3 |  3.6
Charms         | 1 2 3 |  3.6
Necromancy     | 1 2 3 |  3.6
Translocations | 1 2 3 |  3.6
Transmutations | 1 2 3 |  3.6
Fire Magic     | 1 2 3 |  3.6
Ice Magic      | 1 2 3 |  3.6
Air Magic      | 1 2 3 |  3.6
Earth Magic    | 1 2 3 |  3.6
Poison Magic   | 1 2 3 |  3.6
Dodging        | 5 6 |  6.4
Stealth        | 5 6 |  6.1
Summonings     | 8 |  8.0

Action                   |  1- 3 |  4- 6 |  7- 9 || total
-------------------------+-------+-------+-------++-------
Melee: Short sword       |    12 |       |       ||    12
       Unarmed           |     3 |       |       ||     3
       Dagger            |   108 |    35 |       ||   143
       Bite              |     8 |     9 |    10 ||    27
       Spear             |       |    65 |   130 ||   195
       Punch             |       |     1 |       ||     1
 Fire: Arbalest          |       |     3 |    34 ||    37
Throw: Stone             |     1 |       |       ||     1
 Cast: Summon Small Mamm |    20 |     6 |     2 ||    28
       Call Imp          |     5 |    17 |    18 ||    40
       Call Canine Famil |     3 |     7 |    12 ||    22
       Summon Guardian G |     2 |     2 |     2 ||     6
       Summon Lightning  |       |     1 |     3 ||     4
Invok: Sacrifice Purity  |       |       |     1 ||     1
       Sacrifice Durabil |       |       |     1 ||     1
  Use: Scroll            |     6 |     3 |     6 ||    15
       Potion            |       |       |     1 ||     1
 Stab: Sleeping          |    12 |     3 |     5 ||    20
       Distracted        |       |     1 |     5 ||     6
  Eat: Chunk             |     4 |     4 |     9 ||    17
       Ration            |     1 |       |       ||     1
Armor: Robe              |    20 |    15 |       ||    35
       Leather armour    |       |     9 |    20 ||    29
Dodge: Dodged            |    81 |    70 |    58 ||   209
